 Dungeon Crawl Stone Soup version 0.20.0-15-g7f486f2 (webtiles) character file.

79 Esekla the Cutter (level 4, -1/24 HPs)
             Began as a Tengu Enchanter on June 11, 2017.
             Slain by an orc
             ... wielding a +0 flail
              (3 damage)
             ... on level 3 of the Dungeon.
             The game lasted 00:22:19 (3209 turns).

Esekla the Cutter (Tengu Enchanter)                 Turns: 3209, Time: 00:22:19

Health: -1/24      AC: 12    Str:  9    XL:     4   Next: 38%
Magic:  8/8        EV: -5    Int: 15    God:
Gold:   92         SH:  0    Dex: 15    Spells: 0/7 levels left

rFire    + . .     SeeInvis .   a - +1 dagger
rCold    + . .     Gourm    .   (no shield)
rNeg     . . .     Faith    .   q - +0 gold dragon scales
rPois    +         Spirit   .   (helmet restricted)
rElec    .         Reflect  .   (no cloak)
rCorr    .         Harm     .   (no gloves)
MR       .....                  (boots unavailable)
Stlth    ..........             (no amulet)
Regen    0.1/turn               (no ring)
MPRegen  0.2/turn               (no ring)

@: no status effects
A: beak, talons 3
a: no special abilities


You were on level 3 of the Dungeon.
You were not hungry.

You visited 1 branch of the dungeon, and saw 3 of its levels.

You collected 92 gold pieces.

Inventory:

Hand Weapons
 a - a +1 dagger (weapon)
 k - a +0 mace of holy wrath
Missiles
 f - 182 stones (quivered)
Armour
 b - a +0 robe
 q - +0 gold dragon scales (worn)
Scrolls
 e - a scroll of enchant armour {unknown}
 h - 2 scrolls of random uselessness {unknown}
 i - 3 scrolls of identify {unknown}
 j - a scroll of fear {unknown}
 m - 3 scrolls of remove curse {unknown}
 n - a scroll of teleportation {unknown}
 p - a scroll of enchant weapon {unknown}
Potions
 g - a potion of ambrosia {unknown}
 l - a potion of mutation {unknown}
 o - a potion of degeneration {unknown}
Books
 c - a book of Maledictions

   Spells                             Type                      Level
   a - Corona                         Hexes                        1
   b - Ensorcelled Hibernation        Hexes/Ice                    2
   c - Confuse                        Hexes                        3
   d - Tukima's Dance                 Hexes                        3
   e - Dazzling Spray                 Conjuration/Hexes            3
Comestibles
 d - a bread ration
 r - a meat ration


   Skills:
 * Level 3.5 Short Blades
 * Level 3.2 Dodging
 - Level 3.0 Stealth
 - Level 2.0 Spellcasting
 - Level 2.2 Hexes


You couldn't memorise any spells.
You knew the following spells:

 Your Spells              Type           Power        Failure   Level  Hunger
a - Corona                Hex            #......      100%        1    #......
b - Tukima's Dance        Hex            #.......     100%        3    ###....
c - Confuse               Hex            #.......     100%        3    ###....


Dungeon Overview and Level Annotations

Branches:
Dungeon (3/15)

Altars:


Innate Abilities, Weirdness & Mutations

You have a beak for a mouth.
You have claws for feet.


Message History

You hit the orc priest.
The orc priest is heavily wounded.
The orc priest casts a cantrip, but nothing happens.
You hit the orc priest but do no damage.
The orc priest is heavily wounded.
The orc hits you but does no damage.
The orc priest hits you but does no damage.
You hit the orc priest but do no damage.
Your peck misses the orc priest.
The orc priest is heavily wounded.
The orc hits you but does no damage.
Your gold dragon scales prevents you from hitting the orc priest.
The orc priest is heavily wounded.
The orc priest hits you with a flail.
* * * LOW HITPOINT WARNING * * *
Your gold dragon scales prevents you from hitting the orc priest.
You claw the orc priest. Your peck misses the orc priest.
The orc priest is heavily wounded.
The orc hits you with a flail.
You die...

#.#.#####.######..#..#
#.#..................#
#
#.......#.######..#.##
# #######.#.# #..#.# #
#.#.######..#.# #
#.............# #
#..#######<#### # #..#
#.# #
######o@#######.# #
.........oo......# #
.####.######...... #
#. ...# # # ..## #..


You could see an orc priest, an orc wizard and an orc.

Vanquished Creatures
  3 adders (D:2)
  A worm (D:2)
  A dart slug (D:1)
  2 leopard geckos
  An orc (D:3)
  5 bats
  A giant cockroach (D:1)
  5 goblins
  2 hobgoblins
  10 jackals
  3 kobolds
  A ball python (D:1)
  2 frilled lizards (D:2)
  5 rats
  A bush (D:2)
43 creatures vanquished.

Notes
Turn   | Place    | Note
-------+----------+-------------------------------------------
     0 | D:1      | Esekla the Tengu Enchanter began the quest for the Orb.
     0 | D:1      | Reached XP level 1. HP: 10/10 MP: 4/4
   206 | D:1      | Reached XP level 2. HP: 15/15 MP: 6/6
   779 | D:2      | Reached XP level 3. HP: 14/19 MP: 5/7
  1566 | D:2      | Learned a level 3 spell: Tukima's Dance
  2022 | D:2      | Reached XP level 4. HP: 24/24 MP: 8/8
  2027 | D:2      | Learned a level 3 spell: Confuse
  3209 | D:3      | Slain by an orc

Skill      XL: |  1  2  3 |
---------------+----------+-----
Short Blades   | 2 3 |  3.5
Dodging        | 3 |  3.2
Stealth        | |  3.0
Spellcasting   | |  2.0
Hexes          | |  2.2

Action                   |  1- 3 |  4- 6 || total
-------------------------+-------+-------++-------
Melee: Dagger            |   150 |   310 ||   460
       Kick              |    29 |   142 ||   171
       Peck              |    14 |    96 ||   110
Throw: Stone             |    12 |       ||    12
 Cast: Corona            |     2 |       ||     2
 Stab: Sleeping          |     8 |     1 ||     9
       Distracted        |     1 |       ||     1
  Eat: Bread ration      |     1 |     1 ||     2
       Fruit             |       |     3 ||     3
Armor: Robe              |    16 |     8 ||    24
       Gold dragon scale |       |     9 ||     9
Dodge: Dodged            |    82 |    22 ||   104
